 Dungeon Crawl Stone Soup version 0.28.0-53-g5a82cb258f (webtiles) character file.

Game seed: 12864120974287274060

14223 DemonSlayer the Thaumaturge (level 11, 0/75 HPs)
             Began as a Demonspawn Fire Elementalist on July 31, 2022.
             Was a High Priest of Cheibriados.
             Slain by a snapping turtle (6 damage)
             ... on level 2 of the Lair of Beasts.
             The game lasted 00:35:24 (17210 turns).

DemonSlayer the Thaumaturge (DsFE)                 Turns: 17210, Time: 00:35:24

Health: 0/75       AC: 10    Str: 20    XL:     11   Next: 85%
Magic:  0/26       EV: 15    Int: 31    God:    Cheibriados [*****.]
Gold:   1414       SH:  0    Dex: 25    Spells: 2/32 levels left

rFire   . . .      SeeInvis +   t - +1 dagger "Xiesaol" {vorpal, Will+}
rCold   x . .      Faith    .   (no shield)
rNeg    + + .      Spirit   +   y - +4 leather armour "Letuts" {rPois rC- rN++ Stlth+}
rPois   +          Reflect  .   (no helmet)
rElec   .          Harm     .   (no cloak)
rCorr   .          Rampage  .   (no gloves)
Will    +....                   (no boots)
Stlth   ++........              (no amulet)
HPRegen 0.22/turn               u - ring of see invisible
MPRegen 0.40/turn               (no ring)

@: very slow
A: yellow scales 2, demonic guardian 1, magic shield, magic regeneration, magic
link, weakness stinger 2, sense surroundings 1, poison resistance, wild magic 1
a: Renounce Religion, Bend Time, Temporal Distortion, Slouch, Step From Time


You were on level 2 of the Lair of Beasts.
You worshipped Cheibriados.
Cheibriados was extremely pleased with you.
You visited 3 branches of the dungeon, and saw 12 of its levels.
You also visited: Sewer.

You collected 1564 gold pieces.
You spent 150 gold pieces at shops.

Inventory:

Hand Weapons
 i - a +2 vorpal war axe
 t - the +1 dagger "Xiesaol" (weapon) {vorpal, Will+}
   (You found it on level 6 of the Dungeon)

   It inflicts extra damage upon your enemies.
   Will:      It increases your willpower.
Missiles
 j - 4 curare-tipped darts
 n - 3 throwing nets
 s - 85 sling bullets
Armour
 o - +1 fire dragon scales
 x - +2 ice dragon scales
 y - the +4 leather armour "Letuts" (worn) {rPois rC- rN++ Stlth+}
   (You found it on level 8 of the Dungeon)

   rC:        It makes you vulnerable to cold.
   rPois:     It protects you from poison.
   rN:        It greatly protects you from negative energy.
   Stlth:     It makes you more stealthy.
Jewellery
 u - a ring of see invisible (left hand)
Scrolls
 c - 10 scrolls of teleportation
 f - a scroll of immolation
 h - 2 scrolls of fear
 q - 2 scrolls of amnesia
 w - a scroll of blinking
 B - a scroll of enchant armour
Potions
 b - 4 potions of curing
 d - a potion of flight
 e - 4 potions of cancellation
 g - a potion of brilliance {unknown}
 k - 2 potions of resistance {unknown}
 l - a potion of magic
 m - a potion of attraction {unknown}
 p - a potion of mutation
 r - 2 potions of heal wounds {unknown}
 v - a potion of ambrosia {unknown}
 z - a potion of lignification {unknown}
 A - a potion of degeneration {unknown}
Miscellaneous
 a - a tin of tremorstones (2/2)


   Skills:
 + Level 3.4 Fighting
 + Level 3.1 Short Blades
 + Level 3.4 Axes
 + Level 0.8 Throwing
 + Level 3.0 Armour
 + Level 4.2 Dodging
 + Level 5.5 Stealth
 + Level 11.0 Spellcasting
 + Level 3.2 Conjurations
 + Level 10.6 Fire Magic
 + Level 0.4 Poison Magic


You had 2 spell levels left.
You knew the following spells:

 Your Spells              Type           Power      Damage    Failure   Level
a - Foxfire               Conj/Fire      100%       2x1d9     1%          1
b - Scorch                Fire           100%       2d10      1%          2
c - Blink                 Tloc           44%        N/A       8%          2
d - Conjure Flame         Conj/Fire      68%        6-21      1%          3
e - Flame Wave            Conj/Fire      68%        2d13      3%          4
f - Olgreb's Toxic Radia  Pois           26%        N/A       36%         4
g - Teleport Other        Tloc           22%        N/A       14%         3
h - Manifold Assault      Tloc           22%        N/A       75%         5
i - Dispersal             Tloc           11%        N/A       99%         6

Your spell library contained the following spells:

 Spells                   Type           Power      Damage    Failure   Level
 Sting                    Tmut/Pois      96%        1d7       5%          1
 Poisonous Vapours        Pois/Air       48%        N/A       8%          2
 Inner Flame              Hex/Fire       60%        N/A       2%          3
 Gell's Gravitas          Tloc           22%        N/A       14%         3
 Lesser Beckoning         Tloc           22%        N/A       14%         3


Dungeon Overview and Level Annotations

Branches:
Dungeon (9/15)             Temple (1/1) D:4            Lair (2/6) D:8
 Shoals (0/4) Lair:2       Spider (0/4) Lair:2        Sewer (visited)
    Orc: D:9-12

Altars:
Ashenzari
Cheibriados
Dithmenos
Elyvilon
Fedhas
Gozag
Hepliaklqana
Kikubaaqudgha
Makhleb
Nemelex Xobeh
Okawaru
Qazlal
Ru
Sif Muna
Trog
Uskayaw
Vehumet
Xom
Yredelemnul
Zin
The Shining One
Lugonu

Shops:
D:3 !   D:6 (

Annotations:
D:5 exclusion: statue


Innate Abilities, Weirdness & Mutations

You are mostly covered in yellow scales. (AC +3)
A weak demonic guardian rushes to your aid.
When hurt, damage is shared between your health and your magic reserves.
You regenerate magic rapidly.
When low on magic, you restore magic in place of health.
You have a tail ending in a sharp stinger.
You passively map a small area around you.
Your system is resistant to poisons. (rPois)
Your spells are a little harder to cast, but a little more powerful.


Message History

The snapping turtle is no longer more vulnerable to fire.
The snapping turtle bites you from afar!
Flames lash the snapping turtle but do no damage.
The snapping turtle bites you from afar.
Flames lash the snapping turtle.
The snapping turtle is lightly wounded.
The snapping turtle's fire resistance burns away.
The snapping turtle misses you.
Flames lash the snapping turtle.
The snapping turtle is burned terribly!
The snapping turtle is moderately wounded.
The snapping turtle bites you from afar!
Flames lash the snapping turtle.
The snapping turtle is burned terribly!
The snapping turtle is moderately wounded.
The snapping turtle bites you from afar!
Flames lash the snapping turtle.
The snapping turtle is burned terribly!
The snapping turtle is severely wounded.
The snapping turtle closely misses you.
Flames lash the snapping turtle.
The snapping turtle is burned terribly!
The snapping turtle is severely wounded.
The snapping turtle bites you from afar!
You are too injured to fight recklessly!
You are too injured to fight recklessly!
You are too injured to fight recklessly!
You feel better.
The snapping turtle bites you from afar.
There is an open door, spattered with blood here.
You enter the shallow water.
Moving in this stuff is going to be slow.
The snapping turtle bites you from afar!
* * * LOW HITPOINT WARNING * * *
The snapping turtle bites you from afar!
* * * LOW HITPOINT WARNING * * *
A demonic guardian appears!
The snapping turtle barely misses you.
Okay, then.
Okay, then.
It was a potion of mutation.
You feel extremely strange.
You feel a strange attunement to the structure of the dungeons.
You feel less in control of your magic.
You feel resistant to poisons.
The snapping turtle bites you from afar!
You die...

....# .......#.### ...###
.......##...# .....#
.............# .)..##
##...........## ...P##
#...........## .....##
#..≈≈÷≈≈≈≈..# ..<...#
#.≈≈≈≈≈≈≈≈≈## .......#
#≈≈≈#####≈≈≈### ......##
##@≈##...##≈≈..# .....##
#P≈≈#.....#≈≈P##
.....#*########..5t..>..#≈≈P#####
......##........≈≈#.....#≈≈....##
.........#......≈≈##...##≈≈.....(
.........##.....≈≈≈#####≈≈≈......
.........#.......≈≈≈≈≈≈≈≈≈.....>.
..................≈≈≈≈≈≈≈........
#........................#.......


You could see a snapping turtle (combustible, ally target) and a friendly iron
imp (summoned).

Vanquished Creatures
  A hydra (Lair:1)
  Harold (D:7)
  A catoblepas (D:8)
  A centaur warrior (D:8)
  2 black mambas (Lair:1)
  A kobold demonologist (D:9)
  A gargoyle (D:8)
  3 cane toads
  5 komodo dragons
  Grinder (Sewer)
  A wyvern (D:9)
  A vampire (D:7)
  14 yaks
  Menkaure (D:5)
  An acid dragon (D:8)
  2 water moccasins (Lair:1)
  2 orc warriors
  A hornet zombie (D:9)
  2 ice beasts
  3 black bears
  A necrophage (D:6)
  3 wolves
  2 ogres (D:5)
  4 centaurs
  4 phantoms
  14 kobold brigands
  7 bullfrogs
  3 scorpions
  A wyvern skeleton (D:7)
  7 killer bees (D:9)
  8 wights
  2 electric eels (Lair:2)
  2 howler monkeys (D:8)
  A bullfrog zombie (D:5)
  A centaur zombie (D:7)
  2 orc priests
  2 hounds
  A centaur skeleton (D:4)
  A gnoll shaman (D:5)
  8 orc wizards
  A killer bee zombie (D:7)
  2 hound skeletons
  2 howler monkey zombies
  9 adders
  2 gnolls (D:5)
  4 shadow imps
  4 ufetubi
  3 worms
  A dart slug (D:1)
  31 orcs
  7 bats
  A bat zombie (Sewer)
  8 endoplasms
  2 giant cockroaches
  7 goblins
  6 hobgoblins
  7 jackals
  5 quokkas
  3 training dummies (D:6)
  10 ball pythons
  2 frilled lizards (D:1)
  27 kobolds
  2 kobold zombies (Sewer)
  5 rats
270 creatures vanquished.

Vanquished Creatures (collateral kills)
  Grum (D:8)
  2 wolves (Lair:1)
  An orc wizard (D:3)
  A gnoll (D:5)
  A dart slug (D:3)
6 creatures vanquished.

Vanquished Creatures (others)
  A wyvern (D:9)
  A kobold brigand (D:9)
  375 foxfires
  4 fungi (Lair:1)
  5 plants (Lair:1)
386 creatures vanquished.

Grand Total: 662 creatures vanquished

Notes
Turn   | Place    | Note
-------+----------+-------------------------------------------
     0 | D:1      | DemonSlayer the Demonspawn Fire Elementalist began the
                  | quest for the Orb.
     0 | D:1      | Reached XP level 1. HP: 13/13 MP: 3/3
   595 | D:1      | Gained mutation: You have a small tail. [demonic ancestry]
   595 | D:1      | Reached XP level 2. HP: 2/19 MP: 0/5
   623 | D:1      | Learned a level 2 spell: Scorch
   951 | D:1      | Found a faded altar of an unknown god.
  1767 | D:1      | Learned a level 2 spell: Blink
  1787 | D:2      | Gained mutation: A weak demonic guardian rushes to your
                  | aid. [demonic ancestry]
  1787 | D:2      | Reached XP level 3. HP: 24/24 MP: 2/6
  2932 | D:2      | Gained mutation: You regenerate magic rapidly. [demonic
                  | ancestry]
  2932 | D:2      | Reached XP level 4. HP: 31/31 MP: 5/8
  3077 | D:2      | Learned a level 3 spell: Conjure Flame
  3190 | D:3      | Found Athruif's Distillery.
  3195 | D:3      | Reached skill level 1 in Axes
  3240 | D:3      | Bought 2 potions of curing for 66 gold pieces
  3417 | D:3      | Reached skill level 3 in Spellcasting
  3578 | D:3      | Reached XP level 5. HP: 29/36 MP: 1/9
  3739 | D:3      | Found an ancient bone altar of Kikubaaqudgha.
  4082 | D:3      | Reached skill level 1 in Fighting
  4385 | D:4      | Found a staircase to the Ecumenical Temple.
  4398 | Temple   | Entered the Ecumenical Temple
  4839 | D:4      | Found a glowing drain.
  4855 | Sewer    | Entered a sewer
  5433 | Sewer    | Found an ancient bone altar of Kikubaaqudgha.
  5449 | Sewer    | Gained mutation: You are partially covered in yellow
                  | scales. (AC +2) [demonic ancestry]
  5449 | Sewer    | Reached XP level 6. HP: 14/43 MP: 2/11
  5859 | Sewer    | Learned a level 4 spell: Flame Wave
  5866 | Sewer    | Noticed Grinder
  5890 | Sewer    | Killed Grinder
  5891 | Sewer    | Reached skill level 4 in Spellcasting
  5891 | Sewer    | Reached XP level 7. HP: 39/48 MP: 2/13
  6597 | D:4      | Found a hazy altar of Hepliaklqana.
  6601 | D:4      | Found a shadowy altar of Dithmenos.
  6780 | D:4      | Reached skill level 5 in Spellcasting
  7149 | D:4      | Noticed a shadow
  7162 | D:4      | Learned a level 4 spell: Olgreb's Toxic Radiance
  7179 | D:5      | Entered Level 5 of the Dungeon
  7516 | D:5      | Found a radiant altar of Vehumet.
  7875 | D:5      | Reached skill level 5 in Fire Magic
  7875 | D:5      | Gained mutation: You are mostly covered in yellow scales.
                  | (AC +3) [demonic ancestry]
  7875 | D:5      | Reached XP level 8. HP: 56/56 MP: 8/16
  8231 | D:5      | Noticed Menkaure
  8238 | D:5      | Killed Menkaure
  8239 | D:5      | Reached skill level 6 in Spellcasting
  8585 | D:6      | Found a snail-covered altar of Cheibriados.
  8612 | D:6      | Became a worshipper of Cheibriados the Contemplative
  8703 | D:6      | Identified the +1 dagger "Xiesaol" {vorpal, Will+}
  8775 | D:6      | Found a shimmering altar of Xom.
  8825 | D:6      | Found a broken altar of Ashenzari.
  9051 | D:6      | Found Dutukin's Firing Range.
  9060 | D:6      | Bought 2 throwing nets for 84 gold pieces
  9318 | D:6      | Learned a level 3 spell: Teleport Other
  9652 | D:7      | Reached * piety under Cheibriados
  9653 | D:7      | Gained mutation: When hurt, damage is shared between your
                  | health and your magic reserves. [demonic ancestry]
  9653 | D:7      | Reached XP level 9. HP: 62/62 MP: 13/18
  9893 | D:7      | Reached skill level 7 in Spellcasting
 10185 | D:7      | Noticed Harold
 10199 | D:7      | Killed Harold
 10374 | D:7      | Reached skill level 8 in Spellcasting
 10888 | D:8      | Found a blossoming altar of Fedhas.
 10890 | D:8      | Found a stormy altar of Qazlal.
 10974 | D:8      | Reached ** piety under Cheibriados
 11033 | D:8      | Noticed Grum
 11049 | D:8      | Killed Grum
 11302 | D:8      | Reached skill level 1 in Short Blades
 11326 | D:8      | Gained mutation: You have a tail ending in a sharp stinger.
                  | [demonic ancestry]
 11326 | D:8      | Reached XP level 10. HP: 57/68 MP: 15/22
 11589 | D:8      | Noticed a gargoyle
 11596 | D:8      | Killed a gargoyle
 11790 | D:8      | Identified the +4 leather armour "Letuts" {rPois rC- rN++
                  | Stlth+}
 11845 | D:8      | Found a basalt altar of Yredelemnul.
 11850 | D:8      | Found an iron altar of Okawaru.
 11950 | D:8      | Found a staircase to the Lair.
 12093 | D:8      | Noticed a catoblepas
 12099 | D:8      | Noticed a centaur warrior
 12125 | D:8      | Killed a catoblepas
 12126 | D:8      | Reached skill level 9 in Spellcasting
 12641 | D:8      | Killed a centaur warrior
 12642 | D:8      | Reached skill level 1 in Armour
 13259 | D:9      | Reached *** piety under Cheibriados
 13433 | D:9      | Gained mutation: When low on magic, you restore magic in
                  | place of health. [demonic ancestry]
 13433 | D:9      | Reached XP level 11. HP: 74/74 MP: 14/24
 13804 | D:9      | Reached **** piety under Cheibriados
 13927 | D:9      | Found a hide-covered altar of Uskayaw.
 14308 | D:9      | Learned a level 5 spell: Manifold Assault
 14724 | D:9      | Identified a scroll of acquirement
 14724 | D:9      | Acquired 907 gold pieces
 14791 | Lair:1   | Entered Level 1 of the Lair of Beasts
 14829 | Lair:1   | Reached skill level 10 in Spellcasting
 15208 | Lair:1   | Reached skill level 5 in Stealth
 15513 | Lair:1   | Noticed an eight-headed hydra
 15520 | Lair:1   | Killed an eight-headed hydra
 15521 | Lair:1   | Reached skill level 10 in Fire Magic
 16145 | Lair:1   | Reached ***** piety under Cheibriados
 16807 | Lair:1   | Learned a level 6 spell: Dispersal
 17062 | Lair:2   | Reached skill level 11 in Spellcasting
 17084 | Lair:2   | Found a hole to the Spider Nest.
 17192 | Lair:2   | Found a staircase to the Shoals.
 17210 | Lair:2   | Gained mutation: You passively map a small area around you.
                  | [potion of mutation]
 17210 | Lair:2   | Gained mutation: Your spells are a little harder to cast,
                  | but a little more powerful. [potion of mutation]
 17210 | Lair:2   | Gained mutation: Your system is resistant to poisons.
                  | (rPois) [potion of mutation]
 17210 | Lair:2   | Slain by a snapping turtle

Illustrated notes

Levels and vault maps discovered:
D:1:      scummos_arrival_simple_fountains, layout_loops_cross,
          chequers_ecumenical_altar_simple
D:2:      minmay_door_path, layout_basic
D:3:      kennysheep_big_flooded_room, layout_loops_ring, zin_statuary,
          mainiacjoe_overflow_concentric_impassable, serial_shops,
          nicolae_shop_competitors_out_of_business
D:4:      layout_loops_corners, riverfiend_overflow_shadow_ancestor,
          minmay_temple_entry_mini_moons, portal_sewer_entry_d,
          minmay_stone_trees_small, minivault_1
D:5:      layout_cave_pods, vehumet_statue, uniq_menkaure
D:6:      layout_cave_pools, old_standard_altar, mainiacjoe_overflow_catwalk,
          old_standard_altar, nicolae_shop_firing_range
D:7:      layout_gridville, lightli_minifort, uniq_harold
D:8:      layout_loops_ring, chequers_temple_overflow_statue_of_worship,
          gammafunk_temple_overflow_forgotten, grunt_lair_entry_orc_guard_hut,
          hangedman_decor_clover_reticule, minmay_diamond_spiral, uniq_grum
D:9:      cheibrodos_helix_gallery, layout_loops_cross,
          nicolae_uskayaw_suspiria, special_room [special_room_kobold]
Temple:   corrupted_temple
Lair:1:   layout_regular_city, small_statue_intersection
Lair:2:   layout_hall_layers, minmay_shoals_entry_hut, dummy_spider_entry,
          grunt_megastairs_3

Skill      XL: |  1  2  3  4  5  6  7  8  9 10 11 |
---------------+----------------------------------+-----
Stealth        | 2 3 4 5 |  5.5
Fire Magic     | 3 4 5 6 8 9 10 | 10.6
Axes           | 1 2 3 |  3.4
Spellcasting   | 3 4 5 6 8 9 11 | 11.0
Fighting       | 1 2 3 |  3.4
Conjurations   | 2 3 |  3.2
Dodging        | 2 3 4 |  4.2
Short Blades   | 1 2 3 |  3.1
Armour         | 1 3 |  3.0
Throwing       | |  0.8
Poison Magic   | |  0.4

Action                   |  1- 3 |  4- 6 |  7- 9 | 10-12 || total
-------------------------+-------+-------+-------+-------++-------
Melee: Hand axe          |    37 |       |       |       ||    37
       Tailslap          |     6 |     8 |    12 |    16 ||    42
       War axe           |     1 |    57 |    38 |       ||    96
       Punch             |       |     2 |     1 |     1 ||     4
       Dagger            |       |       |    21 |   119 ||   140
Throw: Throwing net      |       |     2 |     1 |     2 ||     5
       Dart              |       |     1 |     2 |     1 ||     4
 Cast: Foxfire           |    85 |    64 |    42 |    36 ||   227
       Scorch            |     5 |    43 |   143 |   148 ||   339
       Flame Wave        |       |       |       |     8 ||     8
       Olgreb's Toxic Ra |       |       |       |     2 ||     2
  Use: Scroll            |     2 |     5 |     9 |     5 ||    21
       Potion            |       |     1 |     2 |    11 ||    14
 Stab: Sleeping          |     1 |       |     4 |     7 ||    12
       Distracted        |       |       |     1 |     3 ||     4
       Invisible         |       |       |       |     6 ||     6
Armor: Robe              |     7 |    14 |    33 |       ||    54
       Leather armour    |       |       |       |    70 ||    70
       Fire dragon scale |       |       |       |     8 ||     8
Dodge: Dodged            |    31 |    50 |    99 |   190 ||   370
